AoeStats
← jose_2616

Fortress

509527908Analyzed
2v2 RM · 5d ago on Sep 27, 2026· 56m 48s· 4 players
Game mode
Random Map
Map size
Normal (6 player)
Population
200
Speed
Normal
Resources
Standard
Victory
Conquest
Starting age
Dark Age
Ending age
Imperial Age
RankedLock teamsTeams togetherTeam positionsShared explorationLock speedFull tech treeHidden civsTurbo modeCheats
Victory
Defeat
🇮🇳 Varangians · India
799
+18
🇨🇳 Franks · China
737
+21
🇵🇦 Celts · Panama
933
-23
🇵🇦 Hindustanis · Panama
753
-16
45001072
0:44 Loom
8:20 Feudal Age
10:43 Double-Bit Axe
14:01 Castle Age
12:06 Gold Mining
12:46 Stone Mining
17:00 Fervor
18:04 Forging
19:06 Wheelbarrow
19:56 Scale Barding Armor
21:10 Chain Barding Armor
21:57 Town Watch
22:16 Fletching
23:50 Gold Shaft Mining
23:38 Bow Saw
23:33 Ordonnance Companies
26:30 Iron Casting
26:57 Scale Mail Armor
27:14 Bodkin Arrow
28:35 Husbandry
28:53 Bodkin Arrow
29:40 Hand Cart
30:38 Chain Mail Armor
34:57 Imperial Age
32:49 Masonry
33:00 Ballistics
33:58 Murder Holes
34:51 Sanctity
34:33 Devotion
35:20 Cavalier
37:04 Blast Furnace
37:23 Hoardings
40:31 Architecture
39:49 Arrowslits
40:53 Plate Barding Armor
41:20 Plate Mail Armor
40:12 Elite Throwing Axeman
44:46 Paladin
47:35 Chemistry
mvkris92
3:14 Loom
7:54 Feudal Age
8:27 Horse Collar
10:32 Double-Bit Axe
13:34 Castle Age
12:21 Scale Barding Armor
15:35 Husbandry
19:27 Wheelbarrow
21:28 Heavy Plow
22:49 Ballistics
24:05 Hand Cart
24:52 Gold Mining
28:31 Imperial Age
26:31 Vendel Legacy
27:36 Chain Barding Armor
29:01 Bloodlines
28:32 Cavalier
29:51 Plate Barding Armor
29:28 Forging
29:52 Conscription
31:31 Gothikon
32:24 Squires
33:04 Iron Casting
33:51 Crop Rotation
35:53 Blast Furnace
34:47 Elite Jarl
35:31 Town Watch
36:10 Bow Saw
36:01 Murder Holes
36:04 Fletching
36:15 Padded Archer Armor
36:17 Scale Mail Armor
38:20 Bodkin Arrow
38:40 Leather Archer Armor
39:15 Town Patrol
39:38 Chain Mail Armor
39:26 Bracer
40:44 Siege Engineers
41:15 Ring Archer Armor
43:54 Elite Varangian Guard
44:20 Arson
44:26 Arson
47:08 Plate Mail Armor
46:45 Light Cavalry
jose_2616
0:35 Loom
8:43 Feudal Age
18:26 Castle Age
17:05 Fletching
18:56 Padded Archer Armor
21:39 Imperial Age
20:06 Horse Collar
20:15 Double-Bit Axe
20:34 Bodkin Arrow
20:56 Bodkin Arrow
21:07 Heavy Plow
23:45 Bracer
24:03 Forging
25:18 Elite Ghulam
26:04 Scale Mail Armor
29:15 Iron Casting
29:44 Bow Saw
30:40 Fortified Wall
30:31 Murder Holes
31:21 Grand Trunk Road
33:36 Wheelbarrow
32:50 Town Watch
33:00 Guard Tower
35:23 Blast Furnace
35:01 Squires
34:48 Arson
34:27 Pikeman
36:44 Two-Man Saw
36:07 Hand Cart
36:32 Chain Mail Armor
37:56 Ballistics
37:49 Fortified Wall
37:51 Masonry
40:37 Husbandry
41:04 Bracer
42:31 Bloodlines
41:42 Heavy Camel Rider
45:12 Conscription
45:49 Scale Barding Armor
46:11 Town Patrol
46:40 Imperial Camel Rider
Sir Eroz
1:06 Loom
8:26 Feudal Age
10:24 Double-Bit Axe
13:37 Castle Age
12:25 Gold Mining
12:28 Horse Collar
13:08 Fletching
14:57 Wheelbarrow
16:58 Hand Cart
17:25 Gold Shaft Mining
17:49 Bow Saw
18:44 Town Watch
22:31 Husbandry
22:59 Bodkin Arrow
23:59 Padded Archer Armor
25:01 Ballistics
25:19 Town Patrol
28:14 Fortified Wall
31:43 Imperial Age
31:17 Scale Barding Armor
33:07 Chain Barding Armor
32:13 Heavy Mounted Crossbowman
34:03 Forging
34:27 Leather Archer Armor
35:38 Furor Celtica
35:49 Conscription
36:23 Capped Ram
37:07 Man-at-Arms
37:33 Gambesons
37:18 Elite Skirmisher
38:04 Arson
37:55 Heavy Scorpion
40:08 Chemistry
39:19 Siege Engineers
38:41 Pikeman
39:26 Long Swordsman
39:26 Halberdier
40:43 Iron Casting
40:09 Scale Mail Armor
40:04 Stronghold
40:20 Two-Handed Swordsman
42:50 Blast Furnace
41:35 Champion
43:01 Cavalier
43:59 Chain Mail Armor
44:32 Hoardings
45:11 Plate Mail Armor
45:07 Paladin
46:48 Masonry
50:53 Light Cavalry
54:59 Ring Archer Armor
Connection lost

Rejoining the realm…

Still unreachable

The connection could not be restored.

Session expired

The server has moved on; the page needs a fresh start.